 Dungeon Crawl Stone Soup version 0.21.1-1-g345015f (webtiles) character file.

451 glosham the Skirmisher (level 7, -3/48 HPs)
             Began as a Kobold Artificer on May 18, 2018.
             Killed from afar by cultivahabas's ghost (4 damage)
             ... with a magic dart
             ... on level 3 of the Dungeon.
             The game lasted 00:36:37 (2082 turns).

glosham the Skirmisher (Kobold Artificer)           Turns: 2082, Time: 00:36:38

Health: -3/48      AC:  5    Str: 11    XL:     7   Next: 25%
Magic:  9/9        EV: 14    Int: 17    God:
Gold:   150        SH:  0    Dex: 16    Spells: 6/6 levels left

rFire    + . .     SeeInvis +   a - +2 dagger (venom)
rCold    . . .     Gourm    .   (shield restricted)
rNeg     . . .     Faith    +   X - +0 ring mail
rPois    .         Spirit   .   (no helmet)
rElec    .         Reflect  .   (no cloak)
rCorr    .         Harm     .   (no gloves)
MR       +....                  (no boots)
Stlth    +.........             z - amulet of Doeje {Faith rF+ MR+ SInv}
HPRegen  0.16/turn              (no ring)
MPRegen  0.11/turn              (no ring)

@: brilliant, flying
A: small, blink, blurry vision 1, carnivore, deterioration 1
a: Blink


You were on level 3 of the Dungeon.
You were very full.

You visited 1 branch of the dungeon, and saw 4 of its levels.

You collected 150 gold pieces.

Inventory:

Hand Weapons
 a - a +2 dagger of venom (weapon)
 b - a +2 whip of venom
 c - a +0 hunting sling
 d - a cursed +0 long sword
 f - a +0 spear
Missiles
 h - 51 arrows
 m - 81 stones (quivered)
 p - 30 sling bullets
 B - 29 bolts
 E - 7 needles of confusion
Armour
 s - a +0 robe
 u - a +1 leather armour
 v - a +0 robe of magic resistance
 w - a cursed +0 robe
 C - a +0 robe
 D - a cursed -2 chain mail
 X - a +0 ring mail (worn)
Jewellery
 z - the amulet of Doeje (around neck) {Faith rF+ MR+ SInv}
   (You found it on level 4 of the Dungeon)

   [amulet of faith]

   It allows you to gain divine favour quickly.
   It protects you from fire.
   It affects your resistance to hostile enchantments.
   It lets you see invisible.
Wands
 q - a wand of random effects (9)
 A - a wand of enslavement (8)
Scrolls
 g - a scroll of blinking {unknown}
 o - a scroll of magic mapping
 r - a scroll of immolation
 t - a scroll of identify {unknown}
Potions
 i - a potion of mutation {!q}
Comestibles
 e - 4 rations
 j - a chunk of flesh


   Skills:
 * Level 7.5 Fighting
 - Level 1.3 Short Blades
 + Level 0.4 Armour
 * Level 3.0 Dodging
 - Level 1.3 Stealth
 - Level 3.6 Evocations


You had 6 spell levels left.
You didn't know any spells.

Dungeon Overview and Level Annotations

Branches:
Dungeon (4/15)
 Temple: D:4-7

Altars:
Ashenzari
Cheibriados
Kikubaaqudgha
Makhleb
Sif Muna

Annotations:
D:3 Natasha; cultivahabas's ghost, amateur OpWz


Innate Abilities, Weirdness & Mutations

You are small and have problems with some larger weapons.
You are carnivorous and can eat meat at any time.
You can translocate small distances at will.
Scrolls take you a little longer to read.
Your body sometimes deteriorates upon taking damage.


Message History

Cultivahabas's ghost casts a spell at you.
The magic dart hits you!
* * * LOW HITPOINT WARNING * * *
You barely miss cultivahabas's ghost.
Cultivahabas's ghost is almost destroyed.
The shadow imp hits you but does no damage.
Cultivahabas's ghost hits you but does no damage.
You hit cultivahabas's ghost but do no damage.
Cultivahabas's ghost is almost destroyed.
The shadow imp hits you.
* * * LOW HITPOINT WARNING * * *
The crimson imp barely misses you. The white imp gestures at you.
The puff of frost hits you!
* * * LOW HITPOINT WARNING * * *
Cultivahabas's ghost hits you.
* * * LOW HITPOINT WARNING * * *
You feel much better. The shadow imp hits you.
The crimson imp closely misses you. The white imp hits you.
The white imp freezes you.
* * * LOW HITPOINT WARNING * * *
Cultivahabas's ghost hits you.
* * * LOW HITPOINT WARNING * * *
You hit cultivahabas's ghost but do no damage.
Cultivahabas's ghost is almost destroyed.
The shadow imp closely misses you.
The crimson imp blinks!
The white imp barely misses you.
Cultivahabas's ghost hits you but does no damage.
Your ring mail prevents you from hitting cultivahabas's ghost.
Cultivahabas's ghost is almost destroyed.
The shadow imp gestures at you. Pain shoots through your body!
* * * LOW HITPOINT WARNING * * *
The white imp barely misses you.
Cultivahabas's ghost mumbles some strange words.
Cultivahabas's ghost blinks!
The crimson imp blinks!
Cultivahabas's ghost casts a spell at you.
The magic dart hits you!
You die...

#..................#.#
............#...[..>.#
..#.........#....#...#
..#...........#...)..#
......#.##..#.#....###
.#....#.#.$........#
.##.###.###.##.#..)#
#..#.##.##,#...#5..##
...##....,*#....@5§.##
#..#*#...#*###..W....#
#..#*.....##.........#
#..#.##.##.#.#.......#
....#*#.#*#..#.......#
.....##.###......§...#
....W.#.##...#..._.######
...........#..5......<..#
.....#..................#


You could see cultivahabas's ghost, a crimson imp, a white imp and a shadow imp.

Vanquished Creatures
  A phantom (D:4)
  Blork the orc (D:3)
  A crimson imp (D:3)
  2 jellies (D:2)
  A worker ant (D:4)
  3 gnolls (D:3)
  6 adders
  9 oozes (D:2)
  2 worms (D:2)
  4 dart slugs
  4 leopard geckos
  11 bats
  4 giant cockroaches
  6 goblins
  7 hobgoblins
  8 jackals (D:1)
  14 kobolds
  4 frilled lizards
  A jackal skeleton (D:4)
  5 rats
94 creatures vanquished.

Vanquished Creatures (others)
  5 toadstools (D:2)
5 creatures vanquished.

Grand Total: 99 creatures vanquished

Notes
Turn   | Place    | Note
-------+----------+-------------------------------------------
     0 | D:1      | glosham the Kobold Artificer began the quest for the Orb.
     0 | D:1      | Reached XP level 1. HP: 12/12 MP: 3/3
    82 | D:1      | Reached skill level 2 in Fighting
    82 | D:1      | Reached XP level 2. HP: 13/17 MP: 4/4
   230 | D:3      | Found a snail-covered altar of Cheibriados.
   243 | D:3      | Reached skill level 3 in Fighting
   243 | D:3      | Reached XP level 3. HP: 11/23 MP: 5/5
   263 | D:3      | Noticed cultivahabas's ghost (amateur OpWz)
   323 | D:2      | Found a burning altar of Makhleb.
   323 | D:2      | Noticed a green death
   575 | D:1      | Reached XP level 4. HP: 17/29 MP: 6/6
   624 | D:1      | Reached skill level 4 in Fighting
  1059 | D:2      | Reached XP level 5. HP: 9/34 MP: 7/7
  1066 | D:2      | Reached skill level 5 in Fighting
  1417 | D:3      | Noticed Natasha
  1474 | D:3      | Reached skill level 6 in Fighting
  1474 | D:3      | Reached XP level 6. HP: 10/41 MP: 8/8
  1604 | D:3      | Found an ancient bone altar of Kikubaaqudgha.
  1695 | D:4      | Got a scorched steel amulet
  1696 | D:4      | Identified the amulet of Doeje {Faith rF+ MR+ SInv} (You found it on level 4 of the Dungeon)
  1713 | D:4      | Noticed a phantom
  1729 | D:4      | Found a shattered altar of Ashenzari.
  1758 | D:4      | HP: 4/42 [phantom (7)]
  1765 | D:4      | Killed a phantom
  1765 | D:4      | Reached skill level 7 in Fighting
  1791 | D:4      | Reached XP level 7. HP: 34/48 MP: 9/9
  2024 | D:3      | Noticed Blork the orc
  2026 | D:3      | Killed Blork the orc
  2026 | D:3      | Reached skill level 3 in Dodging
  2034 | D:3      | Found a deep blue altar of Sif Muna.
  2060 | D:3      | Gained mutation: Your body sometimes deteriorates upon taking damage. [potion of mutation]
  2060 | D:3      | Gained mutation: Scrolls take you a little longer to read. [potion of mutation]
  2060 | D:3      | Gained mutation: You can translocate small distances at will. [potion of mutation]
  2078 | D:3      | HP: 3/48 [cultivahabas's ghost (3)]
  2081 | D:3      | HP: 1/48 [shadow imp/nerve-wracking pain[cultivahabas's ghost] (10)]
  2082 | D:3      | Killed from afar by cultivahabas's ghost

Skill      XL: |  1  2  3  4  5  6  7 |
---------------+----------------------+-----
Fighting       | 2 3 4 6 7 |  7.5
Dodging        | 3 |  3.0
Short Blades   | |  1.3
Armour         | |  0.4
Stealth        | |  1.3
Evocations     | |  3.6

Action                   |  1- 3 |  4- 6 |  7- 9 || total
-------------------------+-------+-------+-------++-------
Melee: Short sword       |    61 |       |       ||    61
       Dagger            |    39 |   215 |    20 ||   274
Evoke: Wand              |     8 |    17 |     3 ||    28
  Use: Potion            |       |     3 |     4 ||     7
       Scroll            |       |     6 |       ||     6
 Stab: Sleeping          |     1 |     4 |       ||     5
  Eat: Chunk             |     7 |     4 |     1 ||    12
Armor: Leather armour    |    22 |    23 |       ||    45
       Ring mail         |       |       |     8 ||     8
Dodge: Dodged            |    78 |   107 |    14 ||   199

Table legend:
 A = Turns spent in this place as a percentage of turns spent in the entire game.
 B = Non-inter-level travel turns spent in this place as a percentage of non-inter-level travel turns spent in the entire game.
 C = Inter-level travel turns spent in this place as a percentage of turns spent in this place.
 D = Turns resting spent in this place as a percentage of non-inter-level travel turns spent in this place.
 E = Turns spent auto-exploring this place as a percentage of non-inter-level travel turns spent in this place.
 F = Non-inter-level travel turns spent in this place divided by the number of levels of this place that you've seen.
                   A       B       C       D       E      F
               +-------+-------+-------+-------+-------+----------------------
         Total | 100.0 | 100.0 |   6.2 |   0.0 |   1.5 | 488.2
       Dungeon | 100.0 | 100.0 |   6.2 |   0.0 |   1.5 | 488.2
               +-------+-------+-------+-------+-------+----------------------

Table legend:
 A = Kills in this place as a percentage of kills in entire the game.
 B = Kills by you in this place as a percentage of kills by you in the entire game.
 C = Kills by friends in this place as a percentage of kills by friends in the entire game.
 D = Other kills in this place as a percentage of other kills in the entire game.
 E = Experience gained in this place as a percentage of experience gained in the entire game.
 F = Experience gained in this place divided by the number of levels of this place that you have seen.
                   A       B       C       D       E      F
               +-------+-------+-------+-------+-------+----------------------
         Total | 100.0 | 100.0 |   N/A | 100.0 | 100.0 | 161.2
       Dungeon | 100.0 | 100.0 |   N/A | 100.0 | 100.0 | 161.2
               +-------+-------+-------+-------+-------+----------------------

Vault maps used:
D:1:      kennysheep_arrival_forest, minmay_heptomino_l4
D:2:      cheibrodos_fertilizer, minivault_5, makhleb_altar_promises_db
D:3:      marbit_many_paths, lemuel_crystal_altar, cheibriados_altar_1,
          hex_intersection, tgw_sif, uniq_natasha
D:4:      lemuel_round_altar, cheibrodos_ashenzari_chains, serial_corexii_hall,
          corexii_hall_statues_i, corexii_hall_statues_x, corexii_hall_statues_s
